 Dungeon Crawl Stone Soup version 0.23.2 (webtiles) character file.

Game seed: 10200573343937709488

222375 Kairos the Executioner (level 18, -3/176 HPs)
             Began as a Minotaur Monk on Apr 1, 2019.
             Was a High Priest of Okawaru.
             Shot with an arrow by a deep elf archer (17 damage)
             ... on level 1 of the Elven Halls.
             The game lasted 01:39:34 (37918 turns).

Kairos the Executioner (Minotaur Monk)             Turns: 37918, Time: 01:39:35

Health: -3/176     AC: 26    Str: 27    XL:     18   Next: 9%
Magic:  23/23      EV: 22    Int:  7    God:    Okawaru [*****.]
Gold:   668        SH:  0    Dex: 15    Spells: 17/17 levels left

rFire    . . .     SeeInvis .   M - +2 battleaxe (vamp)
rCold    . . .     Gourm    .   (shield currently unavailable)
rNeg     + . .     Faith    .   t - +2 plate armour {rPois}
rPois    +         Spirit   .   (helmet restricted)
rElec    .         Reflect  .   l - +0 cloak of Kanaat {Str+5}
rCorr    .         Harm     .   O - +1 pair of gloves of Pragmatism {rN+ MR- Slay+2}
MR       .....                  T - +2 pair of boots
Stlth    ..........             (no amulet)
HPRegen  0.39/turn              o - ring of Phasing {EV+8}
MPRegen  0.18/turn              m - +3 ring of slaying

@: lethally poisoned (-3 -> -9), flying, hasted and slowed
A: retaliatory headbutt, horns 2, talons 1
}: 2/15 runes: decaying, serpentine
a: Heroism, Finesse, Renounce Religion


You were on level 1 of the Elven Halls.
You worshipped Okawaru.
Okawaru was extremely pleased with you.
You were not hungry.

You visited 7 branches of the dungeon, and saw 30 of its levels.
You also visited: Bailey.

You collected 2302 gold pieces.
You spent 1634 gold pieces at shops.

Inventory:

Hand Weapons
 f - a +2 executioner's axe of freezing
 v - the +6 battleaxe "Zefosucw" {venom, rN+ Str+2 Dex+4}
   (You acquired it on level 6 of the Lair of Beasts)

   It poisons the flesh of those it strikes.
   It affects your strength (+2).
   It affects your dexterity (+4).
   It protects you from negative energy.
 y - the +6 flail "Ottecsuq" {vamp, rC++}
   (You found it on level 3 of the Lair of Beasts)

   It inflicts no extra harm, but heals its wielder when it wounds a living foe.
   It greatly protects you from cold.
 M - a +2 vampiric battleaxe (weapon)
 Q - the +7 battleaxe of the Vulture {holy, +Rage MR+}
   (Okawaru gifted it to you on level 2 of the Lair of Beasts)

   It has been blessed by the Shining One to cause great damage to the undead
   and demons.
   It affects your resistance to hostile enchantments.
   It lets you go berserk.
 S - the +1 executioner's axe of Lamuk {venom, *Contam rF++ SInv Stlth+}
   (You found it in a bailey)

   It poisons the flesh of those it strikes.
   It greatly protects you from fire.
   It lets you see invisible.
   It causes magical contamination when unequipped.
   It makes you more stealthy.
 X - a +5 battleaxe of flaming
Missiles
 u - 3 throwing nets (quivered)
 J - 14 javelins of returning
Armour
 e - the +4 pair of gloves of Tartarus {rCorr MP+9 Int-2 SInv}
   (You bought it in a shop on level 4 of the Snake Pit)

   It affects your intelligence (-2).
   It affects your magic capacity (+9).
   It lets you see invisible.
   It provides partial protection from all sources of acid and corrosion.
 l - the +0 cloak of Kanaat (worn) {Str+5}
   (Okawaru gifted it to you on level 4 of the Swamp)

   It affects your strength (+5).
 s - a +2 cloak of magic resistance
 t - a +2 plate armour of poison resistance (worn)
 B - a scarf of repulsion
 L - a scarf of spirit shield
 O - the +1 pair of gloves of Pragmatism (worn) {rN+ MR- Slay+2}
   (You bought it in a shop on level 2 of the Orcish Mines)

   It affects your accuracy and damage with ranged weapons and melee attacks
   (+2).
   It protects you from negative energy.
   It affects your resistance to hostile enchantments.
 T - a +2 pair of boots (worn)
 W - quicksilver dragon scales
Jewellery
 h - an uncursed ring of flight
 m - a +3 ring of slaying (right hand)
 o - the ring of Phasing (left hand) {EV+8}
   (You found it on level 6 of the Lair of Beasts)

   [ring of evasion]

   It affects your evasion (+8).
 r - an uncursed ring of protection from fire
 P - an uncursed ring of poison resistance
 R - an uncursed ring of resist corrosion
 V - the ring "Koaxeeg" {Ice Dex+5}
   (You found it on level 10 of the Dungeon)

   [ring of ice]

   It enhances your ice magic.
   It affects your dexterity (+5).
   It makes you vulnerable to fire.
   It protects you from cold.
Wands
 a - a wand of digging (6)
 j - a wand of iceblast (46)
 z - a wand of acid (30)
 D - a wand of disintegration (7)
 K - a wand of scattershot (6)
 Y - a wand of paralysis (7)
Scrolls
 b - 2 scrolls of magic mapping
 i - 3 scrolls of blinking
 p - 8 scrolls of enchant armour
 x - 8 scrolls of teleportation
 F - 2 scrolls of vulnerability
 H - 3 scrolls of fear
 I - 21 scrolls of remove curse
 U - 3 scrolls of silence
Potions
 d - 9 potions of curing
 g - 3 potions of cancellation
 k - 2 potions of haste
 n - 4 potions of heal wounds
 q - a potion of agility
 w - a potion of ambrosia {unknown}
 A - 5 potions of brilliance
 C - 6 potions of might
 E - 2 potions of mutation {unknown}
 G - 2 potions of invisibility {unknown}
 N - 2 potions of flight
 Z - 2 potions of lignification {unknown}
Comestibles
 c - 21 rations


   Skills:
 + Level 19.2 Fighting
 + Level 23.3 Axes
 + Level 13.9 Armour
 + Level 10.9 Dodging
 + Level 7.9 Stealth
 + Level 8.9 Invocations
 + Level 1.1 Evocations


You had 17 spell levels left.
You didn't know any spells.
Your spell library contained the following spells:

 Spells                   Type           Power        Failure   Level  Hunger
 Animate Skeleton         Necr           N/A          97%         1    ##.....
 Apportation              Tloc           #.....       97%         1    ##.....
 Beastly Appendage        Tmut           #.....       97%         1    ##.....
 Confusing Touch          Hex            #.....       97%         1    ##.....
 Corona                   Hex            #......      97%         1    ##.....
 Magic Dart               Conj           #...         97%         1    ##.....
 Sandblast                Erth           #.....       97%         1    ##.....
 Summon Butterflies       Summ           #.......     97%         1    ##.....
 Summon Small Mammal      Summ           #...         97%         1    ##.....
 Blink                    Tloc           N/A          99%         2    ###....
 Call Imp                 Summ           #.......     99%         2    ###....
 Ensorcelled Hibernation  Hex/Ice        #.....       99%         2    ###....
 Passwall                 Tmut/Erth      #.......     99%         2    ###....
 Slow                     Hex            #.......     99%         2    ###....
 Sticks to Snakes         Tmut           #.......     99%         2    ###....
 Confuse                  Hex            #.......     100%        3    ####...
 Conjure Flame            Conj/Fire      #.......     100%        3    ####...
 Dazzling Spray           Conj/Hex       #.....       100%        3    ####...
 Lesser Beckoning         Tloc           #.........   100%        3    ####...
 Mephitic Cloud           Conj/Pois/Air  #.......     100%        3    ####...
 Spider Form              Tmut/Pois      #.........   100%        3    ####...
 Stone Arrow              Conj/Erth      #.....       100%        3    ####...
 Tukima's Dance           Hex            #.......     100%        3    ####...
 Ice Form                 Ice/Tmut       #.......     100%        4    #####..
 Petrify                  Tmut/Erth      #.......     100%        4    #####..
 Alistair's Intoxication  Tmut/Pois      #.......     100%        5    ######.
 Blade Hands              Tmut           #.........   100%        5    ######.
 Borgnjor's Vile Clutch   Necr/Erth      #.........   100%        5    ######.
 Lee's Rapid Deconstruct  Erth           #.........   100%        5    ######.
 Silence                  Hex/Air        #.........   100%        5    ######.
 Darkness                 Hex            #.........   100%        6    #######
 Invisibility             Hex            #.......     100%        6    #######
 Shadow Creatures         Summ           N/A          100%        6    #######


Dungeon Overview and Level Annotations

Branches:
Dungeon (12/15)            Temple (1/1) D:4            Lair (6/6) D:8
  Swamp (4/4) Lair:2        Snake (4/4) Lair:4        Slime (0/5) Lair:6
    Orc (2/2) D:12            Elf (1/3) Orc:2

Altars:
Ashenzari
Cheibriados
Dithmenos
Elyvilon
Fedhas
Gozag
Hepliaklqana
Kikubaaqudgha
Makhleb
Nemelex Xobeh
Okawaru
Qazlal
Ru
Sif Muna
Trog
Uskayaw
Vehumet
Wu Jian
Xom
Yredelemnul
Zin
The Shining One
Beogh

Shops:
D:8 !   D:10 (   Orc:2 [:(   Snake:2 }?   Snake:4 [

Annotations:
Lair:1 exclusion: oklob plant
Lair:2 exclusion: 2 oklob plants


Innate Abilities, Weirdness & Mutations

You reflexively headbutt those who attack you in melee.
You have a pair of horns on your head.
You have sharp toenails.


Message History

Your headbutt misses the +0 glaive of venom.
The +0 glaive of venom is heavily damaged.
The deep elf archer gestures at you while chanting.
You are confused.
You feel better. The +0 glaive of venom hits you!
* * * LOW HITPOINT WARNING * * *
The deep elf archer points at you and mumbles some strange words.
You are confused.
You feel better.
The +0 glaive of venom hits you but does no damage.
You are poisoned.
The deep elf archer shoots an arrow.
The arrow hits you!
* * * LOW HITPOINT WARNING * * *
You miss the +0 glaive of venom. You headbutt the +0 glaive of venom!
The +0 glaive of venom is severely damaged.
You feel sick.
The +0 glaive of venom hits you but does no damage.
You are more poisoned.
The deep elf archer shoots an arrow.
The arrow hits you!
You die...

## #####++### ..
.........# ..
.........# #.
##.###).#
##e###.#(##..#
..#...(.(....(.#
#....(@)...)))#
...#...#####''###
## # #..# #..# .#
#.% #..# .# ..!$
..## .# ...! ..##
.# .### .## .# ..
.# ##


You could see a deep elf archer and a +0 glaive of venom.

Vanquished Creatures
  Vashnia (Snake:2)
  Saint Roka (Orc:2)
  Nikola (Swamp:3)
  Asterion (Snake:2)
  Donald (Elf:1)
  3 thorn hunters (Swamp:4)
  10 nagarajas
  Louise (Swamp:3)
  A ghoul (Swamp:2)
  Nessos (Lair:6)
  Snorg (Orc:1)
  25 hydras
  A shambling mangrove (Swamp:4)
  12 naga warriors
  A ghost crab (Swamp:4)
  A two-headed ogre (D:11)
  10 alligators
  2 dancing weapons (Elf:1)
  15 anacondas
  8 death yaks
  An orc high priest (Orc:2)
  6 shock serpents
  13 naga sharpshooters
  A deep elf knight (Elf:1)
  2 unseen horrors
  A salamander mystic (Snake:4)
  7 swamp dragons (Swamp:4)
  2 spriggan druids
  5 naga ritualists
  A deep elf archer (Elf:1)
  Pikel (D:5)
  4 orc knights (Orc:2)
  8 mana vipers
  3 ugly things
  12 deep elf magi (Elf:1)
  2 orc sorcerers (Orc:2)
  A cyclops (D:12)
  8 salamanders
  16 naga magi
  11 guardian serpents
  36 black mambas
  28 spiny frogs
  5 komodo dragons
  A kobold demonologist (D:11)
  3 rime drakes
  A troll (D:12)
  Grinder (D:4)
  A queen bee (D:8)
  3 polar bears (Lair:6)
  10 tyrant leeches
  10 hornets
  13 blink frogs
  10 slime creatures
  7 dream sheep (Lair:6)
  17 bog bodies
  5 hippogriffs
  Sigmund (D:4)
  20 spriggans
  2 wraiths
  2 shadows
  A wyvern (D:12)
  50 yaks
  A water elemental (Elf:1)
  An air elemental (Elf:1)
  4 hogs (D:7)
  A human (D:7)
  Eustachio (D:4)
  2 basilisks
  4 hungry ghosts
  Menkaure (D:5)
  20 vampire mosquitoes
  21 insubstantial wisps
  4 wargs
  51 nagas
  An acid dragon (D:11)
  14 swamp worms
  12 water moccasins
  13 swamp drakes
  9 porcupines
  31 orc warriors
  5 sky beasts
  4 ice beasts
  2 phantoms
  5 black bears
  5 ogres
  4 boggarts (Lair:6)
  5 necrophages
  33 wolves
  13 centaurs
  8 crocodiles
  Blork the orc (Orc:2)
  17 bullfrogs
  3 big kobolds
  2 earth elementals (Elf:1)
  A water moccasin zombie (D:11)
  3 scorpions
  A water moccasin skeleton (D:8)
  22 killer bees
  5 wights (D:9)
  2 howler monkeys (D:5)
  An electric eel (Lair:6)
  2 crimson imps
  3 jellies (D:11)
  8 hounds
  16 orc priests
  Ijyb (D:4)
  3 bullfrog skeletons
  Crazy Yiuf (D:5)
  2 centaur skeletons
  10 worker ants
  17 orc wizards
  3 hound zombies
  3 hound skeletons
  A worker ant zombie (D:5)
  Robin (D:2)
  17 gnolls
  13 adders
  A howler monkey skeleton (D:4)
  4 shadow imps
  3 oozes
  8 worms
  2 dart slugs (D:1)
  6 leopard geckos
  106 orcs
  6 bats
  6 giant cockroaches
  13 hobgoblins
  18 jackals
  9 quokkas
  A ball python (D:4)
  4 frilled lizards
  19 goblins
  17 kobolds
  A quokka zombie (D:5)
  14 rats
  3 fungi
  2 plants
1106 creatures vanquished.

Vanquished Creatures (others)
  2 shadow imps (D:5)
  A quokka (D:5)
  A briar patch (Swamp:4)
  6 fungi
  A plant (Lair:2)
11 creatures vanquished.

Grand Total: 1117 creatures vanquished

Notes
Turn   | Place    | Note
-------+----------+-------------------------------------------
     0 | D:1      | Kairos the Minotaur Monk began the quest for the Orb.
     0 | D:1      | Reached XP level 1. HP: 19/19 MP: 0/0
   528 | D:1      | Reached XP level 2. HP: 22/27 MP: 1/1
   595 | D:1      | Reached skill level 4 in Axes
   877 | D:1      | Reached XP level 3. HP: 32/33 MP: 2/2
  1632 | D:2      | Reached skill level 1 in Armour
  1719 | D:2      | Noticed a centaur
  1735 | D:2      | Killed a centaur
  1735 | D:2      | Reached skill level 5 in Axes
  1735 | D:2      | Reached XP level 4. HP: 15/40 MP: 3/3
  1735 | D:2      | Reached XP level 5. HP: 18/46 MP: 4/4
  1781 | D:2      | Noticed Robin
  1787 | D:2      | Killed Robin
  2467 | D:3      | Noticed a sky beast
  2484 | D:3      | Killed a sky beast
  2484 | D:3      | Reached skill level 6 in Axes
  2484 | D:3      | Reached XP level 6. HP: 32/53 MP: 5/5
  2699 | D:3      | Found a snail-covered altar of Cheibriados.
  2881 | D:3      | Found a glowing silver altar of Zin.
  3509 | D:3      | Noticed a moth of wrath
  3512 | D:3      | Found a bloodstained altar of Trog.
  3638 | D:4      | Reached skill level 5 in Fighting
  3730 | D:4      | Noticed Ijyb
  3771 | D:4      | Killed Ijyb
  3771 | D:4      | Reached skill level 7 in Axes
  3846 | D:4      | Reached XP level 7. HP: 54/61 MP: 6/6
  3963 | D:4      | Noticed Grinder
  3966 | D:4      | Paralysed by Grinder for 4 turns
  3978 | D:4      | Killed Grinder
  3978 | D:4      | Reached skill level 5 in Armour
  4002 | D:4      | Reached skill level 8 in Axes
  4417 | D:4      | Noticed Eustachio
  4436 | D:4      | Killed Eustachio
  4841 | D:4      | Noticed Sigmund
  4860 | D:4      | Killed Sigmund
  4860 | D:4      | Reached skill level 9 in Axes
  4860 | D:4      | Reached XP level 8. HP: 55/70 MP: 7/7
  4946 | D:4      | Found a staircase to the Ecumenical Temple.
  5173 | Temple   | Entered the Ecumenical Temple
  5340 | D:5      | Entered Level 5 of the Dungeon
  5418 | D:5      | Found a shattered altar of Ashenzari.
  5457 | D:5      | Found an opulent altar of Gozag.
  5458 | D:5      | Found an iron altar of Okawaru.
  5476 | D:5      | Found an ornate altar of the Wu Jian Council.
  5477 | D:5      | Found a hide-covered altar of Uskayaw.
  5478 | D:5      | Found a sacrificial altar of Ru.
  5481 | D:5      | Became a worshipper of Warmaster Okawaru
  5481 | D:5      | Reached * piety under Okawaru
  5481 | D:5      | Reached ** piety under Okawaru
  5674 | D:5      | Noticed Menkaure
  5676 | D:5      | Noticed Pikel
  5685 | D:5      | Killed Menkaure
  5689 | D:5      | Killed Pikel
  5689 | D:5      | Reached skill level 10 in Axes
  6037 | D:5      | Found a shimmering altar of Xom.
  6080 | D:5      | Found a runed translucent door.
  6081 | D:5      | Noticed Crazy Yiuf
  6530 | D:5      | Paralysed by Crazy Yiuf for 2 turns
  6535 | D:5      | Killed Crazy Yiuf
  6988 | D:6      | Reached *** piety under Okawaru
  6988 | D:6      | Reached XP level 9. HP: 70/78 MP: 8/8
  7127 | D:6      | Reached skill level 11 in Axes
  8259 | D:7      | Reached skill level 12 in Axes
  8263 | D:7      | Reached **** piety under Okawaru
  8750 | D:7      | Reached XP level 10. HP: 45/90 MP: 9/9
  9393 | D:8      | Noticed a death yak
  9395 | D:8      | Found a staircase to the Lair.
  9396 | D:8      | Noticed a death yak
  9396 | D:8      | Noticed a death yak
  9719 | D:7      | Reached skill level 13 in Axes
  9731 | D:7      | HP: 3/90 [death yak (12)]
 10403 | D:7      | Killed a death yak
 10414 | D:7      | Killed a death yak
 10630 | D:7      | Killed a death yak
 10630 | D:7      | Reached ***** piety under Okawaru
 10630 | D:7      | Reached skill level 1 in Invocations
 10949 | D:8      | Reached skill level 14 in Axes
 11099 | D:8      | Found a deep blue altar of Sif Muna.
 11313 | D:8      | Found Caujeg's Distillery.
 11470 | D:8      | Reached XP level 11. HP: 94/99 MP: 11/11
 11475 | D:8      | Reached skill level 10 in Fighting
 11775 | D:9      | Reached skill level 10 in Armour
 12286 | D:9      | Found a basalt altar of Yredelemnul.
 12678 | D:10     | Entered Level 10 of the Dungeon
 12710 | D:10     | Found a flagged portal.
 12733 | Bailey   | Entered a bailey
 13118 | Bailey   | Received a gift from Okawaru
 13513 | Bailey   | Got a faintly glowing executioner's axe
 13517 | Bailey   | Identified the cursed +1 executioner's axe of Lamuk {venom,
                  | *Contam rF++ SInv Stlth+} (You found it in a bailey)
 13748 | D:10     | Found Tuifugg's Weapon Shoppe.
 13926 | D:10     | Got a scintillating turquoise ring
 14159 | D:10     | Found a shadowy altar of Dithmenos.
 14422 | D:11     | Noticed a brown ugly thing
 14431 | D:11     | Killed a brown ugly thing
 14431 | D:11     | Reached skill level 15 in Axes
 14779 | D:11     | Noticed a green ugly thing
 14792 | D:11     | Killed a green ugly thing
 14933 | D:11     | Noticed a two-headed ogre
 14938 | D:11     | Killed a two-headed ogre
 15025 | D:11     | Noticed an unseen horror
 15030 | D:11     | Killed an unseen horror
 15030 | D:11     | Received a gift from Okawaru
 15413 | D:11     | Identified the ring "Koaxeeg" {Ice Dex+5} (You found it on
                  | level 10 of the Dungeon)
 15472 | D:12     | Found a staircase to the Orcish Mines.
 15486 | D:12     | Reached ****** piety under Okawaru
 15490 | D:12     | Reached XP level 12. HP: 95/110 MP: 12/12
 15527 | D:12     | Reached skill level 16 in Axes
 15531 | D:12     | Reached skill level 5 in Dodging
 16262 | D:12     | Found an iron altar of Okawaru.
 16388 | Lair:1   | Entered Level 1 of the Lair of Beasts
 16842 | Lair:1   | Reached skill level 17 in Axes
 17162 | Lair:1   | Found a blossoming altar of Fedhas.
 17910 | Lair:2   | Received a gift from Okawaru
 17913 | Lair:2   | Got a transparent battleaxe {god gift}
 17914 | Lair:2   | Identified the +7 battleaxe of the Vulture {holy, +Rage
                  | MR+} (Okawaru gifted it to you on level 2 of the Lair of
                  | Beasts)
 18014 | Lair:2   | Found a staircase to the Swamp.
 18058 | Lair:2   | Identified the +2 buckler of the Known World {-Cast rC+
                  | Regen+ Int+2} (You found it on level 2 of the Lair of
                  | Beasts)
 18535 | Lair:3   | Noticed a six-headed hydra
 18543 | Lair:3   | Killed a ten-headed hydra
 18543 | Lair:3   | Reached XP level 13. HP: 36/119 MP: 5/13
 18797 | Lair:3   | Identified the +6 flail "Ottecsuq" {vamp, rC++} (You found
                  | it on level 3 of the Lair of Beasts)
 18998 | Lair:3   | Reached skill level 18 in Axes
 19550 | Lair:4   | Found a staircase to the Snake Pit.
 19567 | Lair:4   | Received a gift from Okawaru
 19605 | Lair:3   | Gained mutation: You have sharp toenails. [mutagenic glow]
 20474 | Lair:4   | Received a gift from Okawaru
 20916 | Lair:5   | Received a gift from Okawaru
 20916 | Lair:5   | Reached skill level 19 in Axes
 21610 | Lair:6   | Entered Level 6 of the Lair of Beasts
 21811 | Lair:6   | Reached XP level 14. HP: 107/130 MP: 14/14
 22047 | Lair:6   | Noticed Nessos
 22053 | Lair:6   | Killed Nessos
 22106 | Lair:6   | Found the ring of Phasing {EV+8}
 22220 | Lair:6   | Found a staircase to the Slime Pits.
 22304 | Lair:6   | Received a gift from Okawaru
 22656 | Lair:6   | Reached skill level 20 in Axes
 22704 | Lair:6   | Received a gift from Okawaru
 22707 | Lair:6   | Got a smoking cloak {god gift}
 22718 | Lair:6   | Identified the +0 cloak "Suoru" {-Tele Str+4 Dex+4}
                  | (Okawaru gifted it to you on level 6 of the Lair of Beasts)
 22910 | Lair:6   | Identified a scroll of acquirement
 22918 | Lair:6   | Got an iridescent battleaxe
 22919 | Lair:6   | Identified the +6 battleaxe "Zefosucw" {venom, rN+ Str+2
                  | Dex+4} (You acquired it on level 6 of the Lair of Beasts)
 23062 | Swamp:1  | Entered Level 1 of the Swamp
 23367 | Swamp:1  | You fall through a shaft!
 23780 | Swamp:2  | Noticed a ghoul
 23796 | Swamp:2  | Killed a ghoul
 24239 | Swamp:2  | Reached skill level 15 in Fighting
 24776 | Swamp:3  | Reached skill level 5 in Stealth
 25340 | Swamp:3  | Reached XP level 15. HP: 141/141 MP: 17/17
 25346 | Swamp:3  | Received a gift from Okawaru
 25358 | Swamp:3  | Identified the +1 ring mail of the Invisible Hand {-Tele
                  | Int+4 Dex+2} (Okawaru gifted it to you on level 3 of the
                  | Swamp)
 26075 | Swamp:3  | Noticed Louise
 26086 | Swamp:3  | Killed Louise
 26140 | Swamp:3  | Noticed Nikola
 26156 | Swamp:3  | Killed Nikola
 26156 | Swamp:3  | Reached skill level 5 in Invocations
 26456 | Swamp:4  | Entered Level 4 of the Swamp
 26492 | Swamp:4  | Reached skill level 1 in Evocations
 26500 | Swamp:4  | Reached skill level 21 in Axes
 27372 | Swamp:4  | Noticed a thorn hunter
 27390 | Swamp:4  | Killed a thorn hunter
 27392 | Swamp:4  | Received a gift from Okawaru
 27409 | Swamp:4  | Got a jewelled cloak {god gift}
 27420 | Swamp:4  | Identified the +0 cloak of Kanaat {Str+5} (Okawaru gifted
                  | it to you on level 4 of the Swamp)
 27535 | Swamp:4  | Noticed a thorn hunter
 27549 | Swamp:4  | Noticed a thorn hunter
 27551 | Swamp:4  | Killed a thorn hunter
 27609 | Swamp:4  | Killed a thorn hunter
 27894 | Swamp:4  | Got a decaying rune of Zot
 28027 | Swamp:4  | Reached XP level 16. HP: 66/152 MP: 17/20
 29105 | Snake:1  | Entered Level 1 of the Snake Pit
 29564 | Snake:2  | Received a gift from Okawaru
 29590 | Snake:2  | Got a steaming battleaxe {god gift}
 29591 | Snake:2  | Identified the +1 battleaxe of the Shore {elec, *Drain
                  | Int+3 Dex+4 Stlth+} (Okawaru gifted it to you on level 2 of
                  | the Snake Pit)
 29611 | Snake:2  | Noticed Asterion
 29623 | Snake:2  | Killed Asterion
 29639 | Snake:2  | Noticed Vashnia
 29989 | Snake:2  | Killed Vashnia
 29989 | Snake:2  | Reached skill level 10 in Dodging
 30161 | Snake:2  | Found Hatim's Magic Scroll Shop.
 30168 | Snake:2  | Found Wapsog's Gadget Boutique.
 30984 | Snake:2  | Received a gift from Okawaru
 31017 | Snake:2  | Got a pair of ancient boots {god gift}
 31028 | Snake:2  | Identified the -4 pair of boots of Instinct {rF- rC+ SInv}
                  | (Okawaru gifted it to you on level 2 of the Snake Pit)
 31633 | Snake:2  | You fall through a shaft!
 32123 | Snake:3  | Reached skill level 22 in Axes
 33139 | Snake:4  | Entered Level 4 of the Snake Pit
 33789 | Snake:4  | Reached XP level 17. HP: 115/163 MP: 22/22
 34099 | Snake:4  | Received a gift from Okawaru
 34931 | Snake:4  | Found Xieran's Armour Shoppe.
 34958 | Snake:4  | Bought the +4 pair of gloves of Tartarus {rCorr MP+9 Int-2
                  | SInv} for 784 gold pieces
 34958 | Snake:4  | Bought a +2 plate armour of poison resistance for 518 gold
                  | pieces
 35112 | Snake:4  | Got a serpentine rune of Zot
 35796 | Snake:4  | Received a gift from Okawaru
 36479 | Orc:1    | Entered Level 1 of the Orcish Mines
 36479 | Orc:1    | Noticed Snorg
 36485 | Orc:1    | Killed Snorg
 36563 | Orc:2    | Entered Level 2 of the Orcish Mines
 36563 | Orc:2    | Found a staircase to the Elven Halls.
 36651 | Orc:2    | Noticed Saint Roka
 36655 | Orc:2    | Reached skill level 23 in Axes
 36672 | Orc:2    | Found a roughly hewn altar of Beogh.
 37091 | Orc:2    | Paralysed by an orc sorcerer for 5 turns
 37093 | Orc:2    | Noticed Blork the orc
 37102 | Orc:2    | Found a roughly hewn altar of Beogh.
 37116 | Orc:2    | Killed Blork the orc
 37123 | Orc:2    | Found Nilit's Book Boutique.
 37138 | Orc:2    | Killed Saint Roka
 37189 | Orc:2    | Found Zuugeis's Antique Weapon Boutique.
 37417 | Orc:2    | Found Geisch's Antique Armour Boutique.
 37424 | Orc:2    | Bought a pair of steaming gloves for 332 gold pieces
 37436 | Orc:2    | Identified the +1 pair of gloves of Pragmatism {rN+ MR-
                  | Slay+2} (You bought it in a shop on level 2 of the Orcish
                  | Mines)
 37447 | Orc:2    | Found Ifuleirph's General Store.
 37660 | Elf:1    | Entered Level 1 of the Elven Halls
 37796 | Elf:1    | Noticed Donald
 37802 | Elf:1    | Killed Donald
 37802 | Elf:1    | Reached XP level 18. HP: 176/176 MP: 23/23
 37877 | Elf:1    | Received a gift from Okawaru
 37918 | Elf:1    | Shot with an arrow by a deep elf archer

Skill      XL: |  1  2  3  4  5  6  7  8  9 10 11 12 13 14 15 16 17 |
---------------+----------------------------------------------------+-----
Axes           | 4 5 6 7 9 10 12 14 15 17 19 20 21 22 23 | 23.3
Fighting       | 4 5 6 8 9 11 12 13 15 16 17 19 | 19.2
Armour         | 2 3 4 5 6 8 9 11 12 13 | 13.9
Stealth        | 2 3 4 5 7 |  7.9
Dodging        | 4 5 7 8 9 10 | 10.9
Invocations    | 1 2 4 7 8 |  8.9
Evocations     | 1 |  1.1

Action                   |  1- 3 |  4- 6 |  7- 9 | 10-12 | 13-15 | 16-18 || total
-------------------------+-------+-------+-------+-------+-------+-------++-------
Melee: Hand axe          |   144 |   108 |       |   155 |       |       ||   407
       Headbutt          |    17 |    30 |    55 |   146 |   181 |   182 ||   611
       War axe           |       |    93 |   331 |   207 |       |       ||   631
       Punch             |       |       |     1 |     1 |       |       ||     2
       Executioner's axe |       |       |       |   288 |    35 |    62 ||   385
       Battleaxe         |       |       |       |       |   777 |   597 ||  1374
Invok: Heroism           |       |       |     1 |    11 |    14 |    15 ||    41
       Finesse           |       |       |       |     1 |     4 |    10 ||    15
Evoke: Wand              |       |       |       |       |    14 |       ||    14
  Use: Scroll            |     4 |     2 |       |    12 |    20 |     4 ||    42
       Potion            |     1 |       |     1 |       |       |     6 ||     8
 Stab: Sleeping          |       |       |       |     7 |     5 |     7 ||    19
       Distracted        |       |       |       |     2 |       |     3 ||     5
       Confused          |       |       |       |       |     2 |       ||     2
  Eat: Chunk             |     2 |     4 |     9 |    13 |    12 |     4 ||    44
       Ration            |       |     1 |     2 |     8 |     6 |     9 ||    26
Armor: Leather armour    |     6 |       |       |       |       |       ||     6
       Plate armour      |   107 |   160 |   272 |   304 |       |    95 ||   938
       Quicksilver drago |       |       |       |   158 |   310 |    65 ||   533
Dodge: Dodged            |    49 |    71 |   133 |   435 |   806 |   662 ||  2156
